 Dungeon Crawl Stone Soup version 0.23.2-1-ga50397a (webtiles) character file.

Game seed: 380701649412451684

32244 doot the Earth Mage (level 13, -3/69 HPs)
             Began as a Gargoyle Earth Elementalist on May 22, 2019.
             Was a High Priest of Vehumet.
             Slain by a spiny frog (13 damage)
             ... on level 4 of the Lair of Beasts.
             The game lasted 00:53:54 (17735 turns).

doot the Earth Mage (Gargoyle Earth Elementalist)  Turns: 17735, Time: 00:53:55

Health: -3/69      AC: 11    Str: 14    XL:     13   Next: 63%
Magic:  20/30      EV: 14    Int: 19    God:    Vehumet [*****.]
Gold:   1312       SH:  0    Dex: 14    Spells: 15/39 levels left

rFire    . . .     SeeInvis .   a - +6 battleaxe (freeze)
rCold    + + .     Gourm    .   (shield currently unavailable)
rNeg     + . .     Faith    .   R - +0 animal skin {rC+}
rPois    ∞         Spirit   .   (no helmet)
rElec    +         Reflect  .   (no cloak)
rCorr    .         Harm     .   (no gloves)
MR       .....                  (no boots)
Stlth    +++.......             (no amulet)
HPRegen  0.21/turn              s - +4 ring of dexterity
MPRegen  0.22/turn              O - ring of protection from cold

@: no status effects
A: negative energy resistance 1, electricity resistance, unbreathing,
petrification resistance, rot immunity, AC +9
a: Renounce Religion


You were on level 4 of the Lair of Beasts.
You worshipped Vehumet.
Vehumet was extremely pleased with you.
You were not hungry.

You visited 3 branches of the dungeon, and saw 14 of its levels.
You also visited: Sewer and Ice Cave.

You collected 1312 gold pieces.

Inventory:

Hand Weapons
 a - a +6 battleaxe of freezing (weapon)
 b - the +8 shortbow of Balance {venom, +Blink rC+ Str-2}
   (You found it in an ice cave)

   It poisons the ammo it fires.
   It affects your strength (-2).
   It protects you from cold.
   It lets you blink.
 f - a +0 whip
 B - a +6 spear of flaming
 E - a +0 bardiche of protection
 N - a +2 arbalest of freezing
 Q - a +3 longbow of freezing
Missiles
 P - 29 stones (quivered)
 U - 14 arrows
Armour
 c - a +0 robe
 I - a +3 plate armour of fire resistance
 R - a +0 animal skin of cold resistance (worn)
 V - a +2 shield
Magical Staves
 k - an uncursed staff of power
 y - an uncursed staff of summoning
Jewellery
 i - an uncursed ring of ice {unknown}
 s - a +4 ring of dexterity (left hand)
 O - a ring of protection from cold (right hand)
 T - a +2 ring of intelligence {unknown}
Wands
 A - a wand of iceblast (7)
 D - a wand of flame (46)
 K - a wand of acid (4)
 M - a wand of paralysis (9)
Scrolls
 e - 3 scrolls of fear
 h - 10 scrolls of remove curse
 l - 8 scrolls of teleportation
 o - 2 scrolls of immolation {unknown}
 p - 4 scrolls of magic mapping
 q - 3 scrolls of blinking {unknown}
 w - 4 scrolls of enchant weapon
 x - a scroll of amnesia {unknown}
 z - 2 scrolls of enchant armour
 C - 3 scrolls of fog {unknown}
 G - a scroll of summoning {unknown}
 H - 2 scrolls of identify
 L - 2 scrolls of random uselessness {unknown}
Potions
 g - a potion of lignification
 j - 8 potions of curing
 m - a potion of mutation
 n - a potion of haste
 r - 2 potions of brilliance
 t - 5 potions of heal wounds
 u - 4 potions of flight
 v - 2 potions of agility
 J - a potion of might
 S - a potion of magic {unknown}
Miscellaneous
 F - a crystal ball of energy
Comestibles
 d - 21 rations
 W - 7 chunks of flesh


   Skills:
 + Level 3.4 Fighting
 + Level 2.2 Maces & Flails
 + Level 4.6 Polearms
 + Level 0.7(3.5) Staves
 + Level 1.2 Bows
 + Level 4.5 Dodging
 + Level 4.6 Stealth
 + Level 13.7 Spellcasting
 + Level 3.0 Conjurations
 + Level 1.0 Transmutations
 + Level 0.6 Fire Magic
 + Level 0.3 Air Magic
 + Level 16.1 Earth Magic
 + Level 0.1 Poison Magic


You had 15 spell levels left.
You knew the following spells:

 Your Spells              Type           Power        Failure   Level  Hunger
a - Sandblast             Erth           ######       0%          1    None
b - Stone Arrow           Conj/Erth      #####.       1%          3    None
c - Lee's Rapid Deconstr  Erth           ######....   1%          5    ####...
d - Petrify               Tmut/Erth      #####...     1%          4    None
e - Confuse               Hex            ##......     16%         3    None
f - Passwall              Tmut/Erth      #####...     1%          2    None
g - Conjure Flame         Conj/Fire      ###.....     1%          3    None
h - Mephitic Cloud        Conj/Pois/Air  ###.....     2%          3    None

Your spell library contained the following spells:

 Spells                   Type           Power        Failure   Level  Hunger
 Lightning Bolt           Conj/Air       ###.......   17%         5    ####...
 Magic Dart               Conj           ###.         1%          1    None
 Searing Ray              Conj           ###...       1%          2    None
 Dazzling Spray           Conj/Hex       ###...       2%          3    None
 Corona                   Hex            ##.....      4%          1    None
 Iskenderun's Mystic Bla  Conj           ###.....     4%          4    None
 Force Lance              Conj/Tloc      ###.....     7%          4    None
 Fulminant Prism          Conj/Hex       ###.......   7%          4    None
 Blink                    Tloc           N/A          8%          2    None
 Call Imp                 Summ           ##......     8%          2    None
 Ensorcelled Hibernation  Hex/Ice        ##....       8%          2    None
 Slow                     Hex            ##......     8%          2    None
 Tukima's Dance           Hex            ##......     16%         3    None


Dungeon Overview and Level Annotations

Branches:
Dungeon (9/15)             Temple (1/1) D:7            Lair (4/6) D:8
  Snake (0/4) Lair:2
  Swamp: Lair:2-4    Shoals: Lair:2-4       Orc: D:9-12

Altars:
Ashenzari
Cheibriados
Dithmenos
Elyvilon
Fedhas
Gozag
Hepliaklqana
Kikubaaqudgha
Makhleb
Nemelex Xobeh
Okawaru
Qazlal
Ru
Sif Muna
Trog
Uskayaw
Vehumet
Wu Jian
Xom
Yredelemnul
Zin
The Shining One

Shops:
D:4 *

Annotations:
D:9 exclusion: 2 oklob plants
Lair:3 Prince Ribbit


Innate Abilities, Weirdness & Mutations

You are resistant to torment.
Your stone body is resilient. (AC +9)
You are immune to poison.
You resist negative energy. (rN+)
You are resistant to electric shocks. (rElec)
You can survive without breathing.
You are immune to petrification.
You are immune to rotting.


Message History

* * * LOW HITPOINT WARNING * * *
Casting: Lee's Rapid Deconstruction (safe; 1% risk of failure)
Confirm with . or Enter, or press ? or * to list all spells.
Aiming: Lee's Rapid Deconstruction (safe; 1% risk of failure)
Press: ? - help, Dir - move target cursor A rock wall.
The wall shatters!
The blast of rock fragments hits the spiny frog!
The spiny frog is heavily wounded.
The spiny frog barely misses you.
Casting: Lee's Rapid Deconstruction (safe; 1% risk of failure)
Confirm with . or Enter, or press ? or * to list all spells.
Aiming: Lee's Rapid Deconstruction (safe; 1% risk of failure)
Press: ? - help, Dir - move target cursor A rock wall.
The wall shatters!
The blast of rock fragments hits the spiny frog!
The spiny frog is severely wounded.
The spiny frog closely misses you. The spiny frog stings you!
You die...

........#.....####.#........P#
.......##.....##...........###
........................P#.#
.............≈≈≈...........#
.............≈.≈...###...P##
.............≈.≈...# #.....#
.............≈.≈...# #...###
....P##.....≈..(...####...#
....##.^≈≈≈≈≈..F@.<.# #..##
..>.##...≈≈...###÷..###...
...##≈≈≈≈.≈...# ##...##..##
...###......### #...##..# ...#
##P....# ##......# ...#
###..## .....(. #### #...
....$.. #. ####... ###


You could see a spiny frog.

Vanquished Creatures
  A frost giant (IceCv)
  3 hydras
  Harold (D:9)
  3 death yaks (IceCv)
  A two-headed ogre (D:9)
  Pikel (D:8)
  A glowing orange brain (shapeshifter) (D:8)
  A deep elf mage (D:8)
  6 elephants (Lair:4)
  An ice statue (IceCv)
  4 spiny frogs
  A gargoyle (D:8)
  A tengu conjurer (D:8)
  3 komodo dragons (Lair:1)
  13 polar bears (IceCv)
  A troll (D:8)
  4 hippogriffs
  10 blink frogs
  Sigmund (D:2)
  A wraith (D:8)
  A vampire (D:9)
  38 yaks
  2 nagas (Lair:2)
  6 water moccasins
  7 porcupines
  2 orc warriors
  A sky beast (D:8)
  A slave (D:8)
  3 ice beasts (D:8)
  A phantom (D:5)
  A black bear (D:6)
  A necrophage (D:8)
  7 ogres
  9 centaurs
  19 wolves
  6 crocodiles
  6 big kobolds
  10 bullfrogs
  A wyvern zombie (D:8)
  4 scorpions
  An electric eel (Lair:1)
  6 howler monkeys
  6 crimson imps
  A centaur zombie (D:8)
  A bullfrog zombie (D:5)
  A jelly (D:6)
  3 orc priests
  2 quasits
  4 hounds
  3 orc wizards
  3 bullfrog skeletons
  5 iguanas
  9 worker ants
  A hound zombie (D:8)
  A hound skeleton (D:5)
  Robin (D:2)
  A howler monkey skeleton (D:8)
  4 gnolls (D:5)
  17 adders
  A river rat (D:5)
  2 shadow imps (D:7)
  12 white imps (Lair:4)
  2 adder skeletons
  2 dart slugs
  9 leopard geckos
  18 orcs
  2 ball pythons
  10 bats
  7 giant cockroaches
  15 goblins
  13 hobgoblins
  13 jackals
  18 kobolds
  2 quokkas
  7 frilled lizards
  A leopard gecko skeleton (D:6)
  11 rats
  A fungus (Lair:4)
400 creatures vanquished.

Vanquished Creatures (others)
  A wizard (D:8)
  3 slaves (D:8)
  A wolf (IceCv)
  A big kobold (D:8)
  An orc wizard (D:8)
  An adder zombie (D:8)
  3 fungi
  3 plants
14 creatures vanquished.

Grand Total: 414 creatures vanquished

Notes
Turn   | Place    | Note
-------+----------+-------------------------------------------
     0 | D:1      | doot the Gargoyle Earth Elementalist began the quest for
                  | the Orb.
     0 | D:1      | Reached XP level 1. HP: 10/10 MP: 3/3
   135 | D:1      | Reached skill level 4 in Earth Magic
   135 | D:1      | Reached XP level 2. HP: 15/15 MP: 1/5
   772 | D:1      | Reached XP level 3. HP: 19/19 MP: 1/6
   882 | D:1      | Learned a level 3 spell: Stone Arrow
  1304 | D:2      | Noticed Sigmund
  1811 | D:3      | Found a burning altar of Makhleb.
  1837 | D:3      | Found a stormy altar of Qazlal.
  1840 | D:3      | Found a deep blue altar of Sif Muna.
  1840 | D:3      | Found a blossoming altar of Fedhas.
  1920 | D:3      | Reached XP level 4. HP: 24/24 MP: 5/8
  2152 | D:3      | Reached skill level 5 in Earth Magic
  2507 | D:4      | Reached XP level 5. HP: 26/28 MP: 2/10
  2517 | D:3      | Learned a level 5 spell: Lee's Rapid Deconstruction
  2730 | D:4      | Found a basalt altar of Yredelemnul.
  2816 | D:4      | Found Kenymn's Assorted Antiques.
  3010 | D:5      | Entered Level 5 of the Dungeon
  3016 | D:5      | Reached XP level 6. HP: 32/32 MP: 9/12
  3033 | D:4      | Reached skill level 6 in Earth Magic
  3284 | D:5      | Reached XP level 7. HP: 26/36 MP: 5/14
  3286 | D:5      | Reached skill level 5 in Spellcasting
  3378 | D:5      | Found a glowing drain.
  3386 | Sewer    | Entered a sewer
  3943 | Sewer    | Reached skill level 7 in Earth Magic
  4136 | Sewer    | Reached skill level 1 in Conjurations
  4144 | Sewer    | Reached XP level 8. HP: 9/42 MP: 0/17
  4700 | D:5      | Found an iron altar of Okawaru.
  4767 | D:5      | Reached skill level 1 in Maces & Flails
  4780 | D:5      | Reached skill level 8 in Earth Magic
  5180 | D:6      | Reached skill level 1 in Fighting
  5927 | D:6      | Found a bloodstained altar of Trog.
  6190 | D:7      | Found a shimmering altar of Xom.
  6204 | D:7      | Reached XP level 9. HP: 47/47 MP: 17/19
  6298 | D:7      | Found a staircase to the Ecumenical Temple.
  6319 | Temple   | Entered the Ecumenical Temple
  6326 | Temple   | Became a worshipper of Vehumet
  6506 | D:7      | Reached skill level 9 in Earth Magic
  7441 | D:2      | Noticed Robin
  7453 | D:2      | Reached * piety under Vehumet
  7453 | D:2      | Offered knowledge of Shock by Vehumet.
  7456 | D:2      | Killed Robin
  7516 | D:1      | Learned a level 4 spell: Petrify
  7584 | D:2      | Killed Sigmund
  7584 | D:2      | Reached skill level 10 in Earth Magic
  8519 | D:8      | Found a shadowy altar of Dithmenos.
  8560 | D:8      | Found a staircase to the Lair.
  8589 | D:8      | Reached skill level 1 in Polearms
  8652 | D:8      | Offered knowledge of Freeze by Vehumet.
  8660 | D:8      | Reached ** piety under Vehumet
  8730 | D:8      | Found a bloodstained altar of Trog.
  8731 | D:8      | Noticed a wizard
  8736 | D:8      | Killed a wizard
  8756 | D:8      | Noticed Pikel
  8832 | D:8      | Reached XP level 10. HP: 15/53 MP: 2/22
  9066 | D:8      | Killed Pikel
  9148 | D:8      | Noticed a gargoyle
  9169 | D:8      | Killed a gargoyle
  9207 | D:8      | Noticed a deep elf mage
  9215 | D:8      | Killed a deep elf mage
  9231 | D:8      | Reached skill level 11 in Earth Magic
  9255 | D:8      | Noticed a manticore
  9257 | D:8      | Noticed a glowing orange brain
  9257 | D:8      | a manticore changed into a glowing orange brain
  9263 | D:8      | Killed a glowing orange brain
  9448 | D:8      | Offered knowledge of Inner Flame by Vehumet.
  9527 | D:8      | Learned a level 3 spell: Confuse
  9612 | D:8      | Reached XP level 11. HP: 59/59 MP: 21/24
  9712 | D:8      | Noticed an eight-headed hydra
  9722 | D:8      | Killed an eight-headed hydra
  9722 | D:8      | Reached skill level 10 in Spellcasting
  9722 | D:8      | Reached skill level 12 in Earth Magic
 10304 | D:9      | Noticed Harold
 10333 | D:9      | Killed Harold
 10567 | D:9      | Reached *** piety under Vehumet
 10865 | D:9      | Noticed a two-headed ogre
 10878 | D:9      | Killed a two-headed ogre
 11237 | D:9      | Found a blossoming altar of Fedhas.
 11239 | D:9      | Noticed an oklob plant
 11239 | D:9      | Noticed an oklob plant
 11533 | D:9      | Offered knowledge of Static Discharge by Vehumet.
 11781 | D:9      | HP: 1/60 [something (9)]
 12072 | Lair:1   | Entered Level 1 of the Lair of Beasts
 12189 | Lair:1   | Reached skill level 13 in Earth Magic
 12423 | Lair:1   | Reached **** piety under Vehumet
 12425 | Lair:1   | Reached XP level 12. HP: 32/64 MP: 27/27
 13603 | Lair:2   | Reached skill level 14 in Earth Magic
 13888 | Lair:2   | Found a staircase to the Snake Pit.
 13892 | Lair:2   | Offered knowledge of Throw Icicle by Vehumet.
 14026 | Lair:2   | Noticed an eight-headed hydra
 14030 | Lair:2   | Killed an eight-headed hydra
 14614 | Lair:3   | Noticed Prince Ribbit
 14691 | Lair:3   | Noticed a seven-headed hydra
 14961 | Lair:3   | Killed a seven-headed hydra
 15038 | Lair:3   | You fall through a shaft!
 15038 | Lair:4   | Found a frozen archway.
 15127 | IceCv    | Entered an ice cave
 15221 | IceCv    | Reached skill level 15 in Earth Magic
 15390 | IceCv    | Learned a level 2 spell: Passwall
 15987 | IceCv    | Reached skill level 1 in Transmutations
 16005 | IceCv    | Reached ***** piety under Vehumet
 16005 | IceCv    | Reached XP level 13. HP: 56/68 MP: 22/29
 16012 | IceCv    | Offered knowledge of Lightning Bolt by Vehumet.
 16074 | IceCv    | Learned a level 3 spell: Conjure Flame
 16078 | IceCv    | Learned a level 3 spell: Mephitic Cloud
 16692 | IceCv    | Noticed a frost giant
 16708 | IceCv    | Killed a frost giant
 16712 | IceCv    | Reached skill level 16 in Earth Magic
 17099 | IceCv    | Got a brightly glowing shortbow
 17376 | Lair:4   | Identified the +8 shortbow of Balance {venom, +Blink rC+
                  | Str-2} (You found it in an ice cave)
 17727 | Lair:4   | Reached skill level 1 in Bows
 17735 | Lair:4   | Slain by a spiny frog

Skill      XL: |  1  2  3  4  5  6  7  8  9 10 11 12 13 |
---------------+----------------------------------------+-----
Earth Magic    | 4 5 6 7 8 10 11 13 15 16 | 16.1
Spellcasting   | 3 4 6 7 8 9 11 12 13 | 13.7
Dodging        | 2 3 4 |  4.5
Conjurations   | 1 2 3 |  3.0
Maces & Flails | 1 2 |  2.2
Fighting       | 1 2 3 |  3.4
Stealth        | 4 |  4.6
Polearms       | 3 4 |  4.6
Transmutations | 1 |  1.0
Bows           | 1 |  1.2
Staves         | |  0.7
Fire Magic     | |  0.6
Air Magic      | |  0.3
Poison Magic   | |  0.1

Action                   |  1- 3 |  4- 6 |  7- 9 | 10-12 | 13-15 || total
-------------------------+-------+-------+-------+-------+-------++-------
Melee: Unarmed           |     1 |       |       |       |       ||     1
       Whip              |     6 |    19 |    92 |       |       ||   117
       Spear             |       |       |    71 |    37 |     3 ||   111
       Staff             |       |       |       |    50 |     2 ||    52
       Battleaxe         |       |       |       |       |    21 ||    21
 Fire: Shortbow          |       |       |       |       |    11 ||    11
 Cast: Sandblast         |    55 |    68 |   100 |   208 |    31 ||   462
       Stone Arrow       |     3 |     4 |    19 |    28 |     3 ||    57
       Lee's Rapid Decon |       |     1 |    24 |    77 |    36 ||   138
       Petrify           |       |       |     1 |       |       ||     1
       Passwall          |       |       |       |     2 |     1 ||     3
       Conjure Flame     |       |       |       |       |     4 ||     4
       Mephitic Cloud    |       |       |       |       |     3 ||     3
  Use: Scroll            |       |     1 |     8 |     9 |     2 ||    20
       Potion            |       |       |       |     3 |     6 ||     9
 Stab: Sleeping          |       |       |     6 |       |     1 ||     7
       Petrified         |       |       |     5 |       |       ||     5
  Eat: Chunk             |     3 |     6 |    22 |    36 |     6 ||    73
       Ration            |       |       |     1 |     1 |     1 ||     3
Armor: Robe              |    10 |    21 |    90 |    46 |     8 ||   175
       Animal skin       |       |       |       |       |    15 ||    15
       Skin              |       |       |       |       |     3 ||     3
Dodge: Dodged            |    22 |    40 |   144 |   153 |    59 ||   418
